 Dungeon Crawl Stone Soup version 0.27-a0-1502-g47ed6a6988 (webtiles) character file.

Game seed: 5883448762170500152

2570 wakim the Frost Mage (level 9, 0/45 HPs)
             Began as a Deep Elf Ice Elementalist on July 8, 2021.
             Was an Initiate of Vehumet.
             Slain by a red ugly thing (19 damage)
             ... on level 7 of the Dungeon.
             The game lasted 00:30:55 (10327 turns).

wakim the Frost Mage (Deep Elf Ice Elementalist)   Turns: 10327, Time: 00:30:55

Health: 0/45       AC:  8    Str:  5    XL:     9   Next: 32%
Magic:  23/28      EV: 16    Int: 24    God:    Vehumet [......]
Gold:   822        SH:  0    Dex: 15    Spells: 3/19 levels left

rFire    . . .     SeeInvis .   a - +0 rapier (spect)
rCold    . . .     Faith    .   (no shield)
rNeg     . . .     Spirit   .   b - +2 robe {Will+}
rPois    +         Reflect  .   f - +2 helmet
rElec    +         Harm     .   (no cloak)
rCorr    .         Rampage  .   j - +0 pair of gloves
Will     +....                  (no boots)
Stlth    ++........             g - amulet of Dideod {rElec rPois Regen+ MP+9}
HPRegen  1.15/turn              d - ring of wizardry
MPRegen  0.21/turn              (no ring)

@: no status effects
A: no striking features
a: Renounce Religion


You were on level 7 of the Dungeon.
You worshipped Vehumet.
Vehumet was noncommittal.
You visited 2 branches of the dungeon, and saw 8 of its levels.
You also visited: Sewer.

You collected 822 gold pieces.

Inventory:

Hand Weapons
 a - a +0 spectral rapier (weapon)
 e - a +0 spear
Missiles
 k - 3 throwing nets {=f!f}
Armour
 b - a +2 robe of willpower (worn)
 f - a +2 helmet (worn)
 h - a +0 kite shield
 j - a +0 pair of gloves (worn)
Jewellery
 d - a ring of wizardry (left hand)
 g - the amulet of Dideod (around neck) {rElec rPois Regen+ MP+9}
   (You acquired it on level 6 of the Dungeon)

   [amulet of regeneration]

   rElec:     It insulates you from electricity.
   rPois:     It protects you from poison.
   MP:        It affects your magic capacity (+9).
   Regen:     It increases your rate of health regeneration.
Wands
 y - a wand of paralysis (13)
Scrolls
 c - 2 scrolls of amnesia
 l - a scroll of vulnerability {unknown}
 m - a scroll of holy word {unknown}
 T - 3 scrolls of teleportation
 X - 2 scrolls of fog
 Y - a scroll of blinking {!r}
Potions
 i - a potion of cancellation {unknown}
 A - a potion of ambrosia
 B - 2 potions of attraction {!q}
 D - 4 potions of brilliance
 F - 4 potions of curing
 G - 5 potions of flight
 H - 2 potions of haste
 J - a potion of heal wounds
 N - 2 potions of might


   Skills:
 + Level 9.0 Dodging
 - Level 2.4 Stealth
 * Level 5.8 Spellcasting
 + Level 4.1 Conjurations
 - Level 3.0 Translocations
 * Level 9.9 Ice Magic
 + Level 1.4 Earth Magic


You had 3 spell levels left.
You knew the following spells:

 Your Spells              Type           Power      Damage    Failure   Level
a - Freeze                Ice            100%       1d11      1%          1
b - Frozen Ramparts       Ice            100%       1d12      1%          3
c - Ozocubu's Armour      Ice            53%        N/A       1%          3
d - Hailstorm             Conj/Ice       40%        3d10      1%          4
e - Blink                 Tloc           N/A        N/A       1%          2
x - Stone Arrow           Conj/Erth      40%        3d9       3%          3

Your spell library contained the following spells:

 Spells                   Type           Power      Damage    Failure   Level
 Ensorcelled Hibernation  Hex/Ice        60%        N/A       1%          2
 Animate Skeleton         Necr           14%        N/A       3%          1
 Corona                   Hex            7%         N/A       3%          1
 Pain                     Necr           28%        1d5       3%          1
 Conjure Flame            Conj/Fire      16%        6-21      4%          3
 Mephitic Cloud           Conj/Pois/Air  13%        N/A       6%          3
 Ignite Poison            Fire/Tmut/Pois 7%         N/A       10%         3
 Tukima's Dance           Hex            7%         N/A       10%         3
 Vampiric Draining        Necr           3%         2d6       10%         3
 Sticky Flame             Conj/Fire      16%        2d4       14%         4
 Manifold Assault         Tloc           21%        N/A       26%         5
 Bolt of Magma            Conj/Fire/Erth 7%         4d6       38%         5
 Storm Form               Tmut/Air       3%         N/A       100%        7
 Shatter                  Erth           6%         3d9*      100%        9


Dungeon Overview and Level Annotations

Branches:
Dungeon (7/15)             Temple (1/1) D:5           Sewer (visited)

Altars:
Ashenzari
Cheibriados
Dithmenos
Elyvilon
Fedhas
Gozag
Hepliaklqana
Kikubaaqudgha
Makhleb
Nemelex Xobeh
Okawaru
Qazlal
Ru
Sif Muna
Trog
Uskayaw
Vehumet
Wu Jian
Xom
Yredelemnul
Zin
The Shining One

Shops:
D:6 !

Annotations:
D:4 2 transporters, Sassenached's ghost, novice GnWn
D:5 1 runed translucent door, MoonlitKnight's ghost, novice MiFi
D:7 dig


Message History

Confirm with . or Enter, or press ? or * to list all spells.
You blink.
You see here a +0 robe.
The red ugly thing bites you!
You are engulfed in flames!
* * * LOW HITPOINT WARNING * * *
Casting: Blink (safe; 1% risk of failure)
Confirm with . or Enter, or press ? or * to list all spells.
You blink.
Casting: Blink (safe; 1% risk of failure)
Confirm with . or Enter, or press ? or * to list all spells.
The walls around you are covered in ice.
Unknown command.
Your frozen ramparts will break if you move.
Continue?
Okay, then.
Your frozen ramparts will break if you move.
Continue?
The frozen ramparts melt away as you move.
Casting: Frozen Ramparts (safe; 1% risk of failure)
Confirm with . or Enter, or press ? or * to list all spells.
You blink.
Press: ? - help, v - describe, . - travel
Here: a red ugly thing The floor.
The red ugly thing barely misses you.
You open the door. The red ugly thing barely misses you.
There is an open door here.
The red ugly thing bites you.
You are engulfed in flames!!
Ouch! That really hurt!
* * * LOW HITPOINT WARNING * * *
Casting: Blink (safe; 1% risk of failure)
Confirm with . or Enter, or press ? or * to list all spells.
You can't see any susceptible monsters within range! (Use Z to cast anyway.) Unknown command.
Unknown command.
Casting: Blink (safe; 1% risk of failure)
Confirm with . or Enter, or press ? or * to list all spells.
You blink.
The red ugly thing bites you!
* * * LOW HITPOINT WARNING * * *
You are engulfed in flames!!
You die...

##########.....##...##
#+### #.....#.....#
+.....#.....#
#.....#.....#
#.....#.....#
##+###.....##...####+###
#............#...#.......
#............#...#.......
#.......@....#...#.......
#........u...#...#.......
#............#'###.......
..######.............####
.. #.............#
#.............#
#.............#
#.............#
#.............#


You could see a red ugly thing.

Vanquished Creatures
  A steam dragon (D:4)
  An acid dragon (D:6)
  3 water moccasins
  A black bear (D:4)
  An orc warrior (D:6)
  A sky beast (D:5)
  A necrophage (D:6)
  An ogre (D:7)
  A centaur (D:6)
  2 phantoms (D:6)
  2 scorpions (D:6)
  A water moccasin skeleton (D:5)
  3 wights (D:6)
  A centaur zombie (D:5)
  2 bullfrog zombies (D:6)
  2 bullfrog skeletons
  3 centaur skeletons
  A hound (D:6)
  2 orc priests (D:6)
  A gnoll shaman (D:4)
  2 jellies
  Jessica (D:2)
  Ijyb (D:4)
  3 iguanas (D:5)
  4 orc wizards (D:5)
  Robin (D:2)
  12 gnolls
  A howler monkey skeleton (D:4)
  11 adders
  3 white imps
  6 worms
  18 orcs
  7 ball pythons
  11 endoplasms
  4 giant cockroaches
  14 goblins
  8 hobgoblins
  4 jackals (Sewer)
  5 quokkas
  12 bats
  2 frilled lizards (D:1)
  5 kobolds
  A rat (D:3)
167 creatures vanquished.

Vanquished Creatures (others)
  An orc (D:5)
1 creature vanquished.

Grand Total: 168 creatures vanquished

Notes
Turn   | Place    | Note
-------+----------+-------------------------------------------
     0 | D:1      | wakim the Deep Elf Ice Elementalist began the quest for the
                  | Orb.
     0 | D:1      | Reached XP level 1. HP: 10/10 MP: 6/6
   152 | D:1      | Reached XP level 2. HP: 8/15 MP: 0/8
   547 | D:1      | Found a faded altar of an unknown god.
   549 | D:1      | Reached skill level 5 in Ice Magic
   921 | D:2      | Noticed Jessica
   949 | D:2      | Reached XP level 3. HP: 7/19 MP: 6/9
   960 | D:2      | Killed Jessica
   965 | D:2      | Learned a level 3 spell: Frozen Ramparts
   969 | D:2      | Learned a level 3 spell: Ozocubu's Armour
  1367 | D:2      | Reached XP level 4. HP: 24/24 MP: 2/10
  1653 | D:2      | Noticed Robin
  1664 | D:2      | Killed Robin
  2262 | D:3      | Found an ornate altar of the Wu Jian Council.
  2867 | D:3      | Reached XP level 5. HP: 25/28 MP: 7/11
  2898 | D:3      | Found a glowing drain.
  2902 | Sewer    | Entered a sewer
  4678 | D:4      | Noticed a water moccasin
  4685 | D:4      | Killed a water moccasin
  4686 | D:4      | Reached XP level 6. HP: 21/32 MP: 5/13
  4824 | D:4      | Noticed Ijyb
  4833 | D:4      | Paralysed by Ijyb for 7 turns
  4843 | D:4      | Killed Ijyb
  4851 | D:4      | Reached skill level 5 in Dodging
  4963 | D:4      | Identified a scroll of acquirement
  4964 | D:4      | Acquired 483 gold pieces
  5018 | D:4      | Found a transporter.
  5023 | D:4      | Noticed Sassenached's ghost (novice GnWn)
  5042 | D:4      | Found a transporter.
  5252 | D:4      | Noticed a steam dragon
  5498 | D:4      | Reached XP level 7. HP: 36/36 MP: 11/15
  5847 | D:5      | Entered Level 5 of the Dungeon
  5850 | D:5      | Noticed MoonlitKnight's ghost (novice MiFi)
  5856 | D:5      | Found a runed translucent door.
  6814 | D:5      | Reached XP level 8. HP: 31/41 MP: 6/16
  7447 | D:5      | Found a staircase to the Ecumenical Temple.
  7456 | Temple   | Entered the Ecumenical Temple
  7529 | Temple   | Became a worshipper of Vehumet
  7892 | D:4      | Reached skill level 1 in Conjurations
  8213 | D:6      | Learned a level 4 spell: Hailstorm
  8277 | D:6      | Learned a level 2 spell: Blink
  8383 | D:6      | Found Tyborgh's Distillery.
  8481 | D:6      | Reached skill level 1 in Translocations
  8603 | D:6      | Reached skill level 5 in Spellcasting
  8876 | D:6      | Reached XP level 9. HP: 45/45 MP: 9/18
  8937 | D:5      | Learned a level 3 spell: Stone Arrow
  8994 | D:6      | Acquired the amulet of Dideod {rElec rPois Regen+ MP+9}
  9477 | D:6      | Reached skill level 1 in Earth Magic
 10248 | D:7      | Noticed a red ugly thing
 10327 | D:7      | Slain by a red ugly thing

Illustrated notes

Levels and vault maps discovered:
D:1:      amcnicky_arrival_wind_blow, layout_loops_ring,
          hellmonk_ecumenical_altar_arch_garden
D:2:      layout_basic, uniq_jessica, uniq_robin
D:3:      layout_basic, mainiacjoe_overflow_cross_hatched,
          lightli_sewer_entry_pipes
D:4:      layout_loops_ring, gammafunk_ghost_stat_death, uniq_ijyb
D:5:      layout_basic, lemuel_temple_firewalk_b, hellmonk_ghost_happy_afterlife
D:6:      kennysheep_six_static_rooms, layout_loops_cross, serial_shops,
          nicolae_shop_waterfront, hangedman_decor_push
D:7:      layout_gridville, due_unseen_surprise
Temple:   roderic_octagonal_lattice_temple

Skill      XL: |  1  2  3  4  5  6  7  8  9 |
---------------+----------------------------+-----
Ice Magic      | 5 6 7 8 9 |  9.9
Dodging        | 3 4 5 7 8 9 |  9.0
Spellcasting   | 4 5 |  5.8
Conjurations   | 3 4 |  4.1
Translocations | 3 |  3.0
Earth Magic    | 1 |  1.4
Stealth        | |  2.4

Action                   |  1- 3 |  4- 6 |  7- 9 || total
-------------------------+-------+-------+-------++-------
Melee: Spear             |     8 |    52 |     7 ||    67
       Rapier            |       |       |    78 ||    78
 Cast: Freeze            |    36 |    31 |    20 ||    87
       Frozen Ramparts   |     3 |    33 |    36 ||    72
       Ozocubu's Armour  |       |     1 |     2 ||     3
       Hailstorm         |       |       |     6 ||     6
       Stone Arrow       |       |       |    17 ||    17
       Blink             |       |       |     5 ||     5
  Use: Scroll            |     4 |     8 |     9 ||    21
       Potion            |       |     1 |     1 ||     2
 Stab: Sleeping          |     1 |       |     1 ||     2
Armor: Robe              |     5 |    41 |    31 ||    77
Dodge: Dodged            |    16 |    91 |   114 ||   221

Table legend: (Time is in decaauts)
 A = Elapsed time spent in this place.
 B = Non-inter-level travel time spent in this place.
 C = Inter-level travel time spent in this place.
 D = Time resting spent in this place.
 E = Time spent auto-exploring this place.
 F = Levels seen in this place.
 G = Mean time per level.
                   A        B        C        D        E       F      G
               +--------+--------+--------+--------+--------+-----+--------+
         Total |  10508 |  10033 |    475 |    216 |   8117 |   9 | 1167.6 |
       Dungeon |   9200 |   8739 |    461 |    216 |   6973 |   7 | 1314.3 |
        Temple |    285 |    271 |     14 |      0 |    259 |   1 |  285.0 |
         Sewer |   1023 |   1023 |      0 |      0 |    885 |   1 | 1023.0 |
               +--------+--------+--------+--------+--------+-----+--------+

Top non-repeatable levels by time:
     D:5: 1809 daAuts
     D:6: 1689 daAuts
     D:2: 1688 daAuts
     D:4: 1362 daAuts
     D:3: 1214 daAuts
   Sewer: 1023 daAuts
     D:1: 855 daAuts
     D:7: 580 daAuts
  Temple: 285 daAuts
